Map: Heavy Artillery LE

Players

frutiger

  • Race: Zerg Zerg
  • League: Gold
  • Spawn Location: 7:00

Kaito

  • Race: Zerg Zerg
  • League: Diamond
  • Spawn Location: 7:00

Massa

  • Race: Terran Terran
  • League: Platinum
  • Spawn Location: 1:00

qqq

  • Race: Protoss Protoss
  • League: Platinum
  • Spawn Location: 3:00

VOD

Have the link to the VOD?

Description

Time

  • Played on: Sept. 5, 2020, 5:24 p.m.
  • Length: 25:21
Show
View Real Time Build Order
Export as new Build Order

frutiger Zerg 

Build Orders: Hatch First 

Get SALT Encoding   

  12  0:01  Drone  
  13  0:10  Drone  
  14  0:21  Overlord  
  14  0:40  Drone x2  
  16  0:52  Drone  
  17  0:57  Hatchery  
  16  1:06  Drone, Extractor  
  16  1:15  Drone, Spawning Pool  
  16  1:21  Drone  
  17  1:35  Drone  
  17  1:39  Drone  
  19  1:57  Drone  
  20  2:02  Zergling x2  
  21  2:09  Drone  
  21  2:11  Extractor  
  21  2:18  Metabolic Boost  
  21  2:19  Queen x2  
  25  2:36  Zergling x4  
  25  2:37  Zergling x2  
  27  2:38  Overlord  
  27  2:58  Zergling x2  
  27  2:59  Zergling x8  
  27  3:04  Lair  
  32  3:15  Overlord  
  32  3:25  Drone  
  32  3:26  Drone x2  
  35  3:45  Drone  
  35  3:46  Drone x5  
  38  4:13  Zergling x2  
  38  4:14  Zergling x10  
  41  4:28  Zergling x6  
  41  4:29  Overlord  
  44  4:50  Drone x5  
  49  4:52  Spire  
  47  5:07  Spore Crawler  
  47  5:10  Spore Crawler  
  47  5:13  Spore Crawler  
  44  5:16  Extractor  
  44  5:18  Extractor  
  42  5:37  Drone x3  
  42  5:38  Drone  
  46  5:49  Drone  
  47  5:50  Drone x5  
  47  5:57  Hatchery  
  51  6:07  Overlord  
  51  6:32  Spore Crawler, Zerg Flyer Weapons Level 1  
  50  6:34  Overlord  
  50  6:36  Overlord  
  50  6:53  Mutalisk  
  50  6:54  Mutalisk x8  
  50  6:57  Overlord  
  67  7:32  Mutalisk x8  
  67  7:36  Spore Crawler  
  81  7:39  Drone  
  81  7:40  Overlord  
  81  7:42  Pneumatized Carapace  
  65  8:14  Drone  
  65  8:15  Drone x8  
  74  8:39  Drone  
  74  8:40  Drone x5  
  80  8:43  Queen  
  80  8:46  Zerg Flyer Weapons Level 2  
  82  8:56  Extractor  
  81  9:03  Corruptor  
  81  9:04  Hatchery, Corruptor x4  
  81  9:06  Overlord  
  81  9:07  Overlord  
  90  9:26  Mutalisk  
  90  9:27  Mutalisk x3  
  90  9:28  Extractor  
  97  9:41  Zergling x2  
  97  9:42  Zergling x16  
  97  9:43  Overlord  
  106  9:49  Overlord  
  106  9:55  Evolution Chamber  
  106  9:58  Evolution Chamber  
  104  10:06  Mutalisk, Overlord  
  104  10:07  Mutalisk x3  
  104  10:08  Overlord  
  112  10:17  Overseer x2  
  112  10:24  Zerg Melee Weapons Level 1  
  112  10:25  Zerg Ground Armor Level 1, Zergling x2  
  112  10:26  Zergling x2  
  114  10:29  Drone x2  
  116  10:44  Infestation Pit  
  115  10:52  Zergling x2  
  115  10:53  Zergling x26  
  129  11:00  Mutalisk  
  129  11:01  Mutalisk  
  129  11:02  Zerg Flyer Armor Level 1  
  129  11:03  Drone x2  
  67  12:09  Hive  
  67  12:15  Corruptor  
  67  12:16  Corruptor x10  
  89  12:28  Spore Crawler  
  88  12:30  Drone x5, Spore Crawler  
  92  12:43  Spore Crawler  
  91  13:05  Mutalisk x2  
  90  13:06  Mutalisk x6  
  106  13:21  Greater Spire  
  106  13:24  Drone x9  
  106  13:25  Drone x2  
  117  13:38  Zergling x2  
  117  13:39  Zergling x8  
  122  13:41  Extractor  
  122  13:47  Extractor  
  120  13:51  Zergling x2  
  120  13:52  Zergling x6  
  124  13:57  Zerg Melee Weapons Level 2  
  124  13:59  Zerg Ground Armor Level 2  
  87  14:27  Zergling x2  
  87  14:28  Zergling x26  
  87  14:29  Zergling x6  
  73  14:55  Overseer  
  73  14:57  Zergling x6  
  73  14:58  Zergling x8  
  78  15:08  Corruptor x3  
  78  15:13  Corruptor  
  78  15:14  Corruptor  
  86  15:47  Brood Lord x2  
  86  15:48  Brood Lord  
  92  15:50  Zergling x2  
  92  15:51  Zergling x20  
  103  15:59  Zerg Flyer Weapons Level 3  
  103  16:00  Zergling x2  
  104  16:10  Zergling x2  
  104  16:11  Zergling x10  
  110  16:23  Hatchery  
  109  16:30  Overseer  
  109  16:31  Overlord  
  78  17:11  Zergling x12  
  78  17:12  Zergling x22  
  76  17:38  Zergling x14  
  76  17:44  Zerg Melee Weapons Level 3, Zerg Ground Armor Level 3  
  83  17:48  Zergling x2  
  83  17:49  Zergling x2  
  85  17:56  Mutalisk  
  85  17:57  Extractor, Mutalisk x2  
  90  17:58  Extractor, Queen  
  90  18:02  Corruptor  
  93  18:07  Corruptor  
  93  18:08  Corruptor x4  
  103  18:31  Corruptor  
  103  18:32  Corruptor x7  
  119  18:36  Spore Crawler  
  84  19:07  Corruptor  
  84  19:08  Corruptor x7  
  80  19:22  Corruptor  
  79  19:42  Corruptor  
  67  20:46  Zergling x2  
  67  20:47  Zergling x36  
  86  20:58  Overseer  
  86  20:59  Hatchery, Overseer  
  86  21:01  Zergling x6  
  88  21:20  Zergling x2  
  88  21:21  Zergling x10  
  94  21:31  Zergling x6  
  95  21:43  Zergling x10  
  93  21:53  Zergling x6  
  74  22:17  Zergling x2  
  74  22:18  Zergling x10  
  51  23:35  Zergling x2  
  51  23:36  Zergling x14  
  61  24:02  Brood Lord  
  61  24:03  Brood Lord  
  63  24:13  Brood Lord  
  63  24:14  Brood Lord  
  67  24:32  Brood Lord x3  
  67  24:34  Brood Lord  
Show
View Real Time Build Order
Export as new Build Order

Kaito Zerg 

Build Orders: Hatch First 

Get SALT Encoding   

  12  0:03  Drone  
  13  0:13  Overlord  
  13  0:19  Drone  
  14  0:31  Drone  
  14  0:32  Drone  
  16  0:50  Hatchery  
  15  0:57  Drone x2  
  15  1:00  Drone  
  15  1:03  Extractor  
  17  1:16  Spawning Pool  
  16  1:20  Drone  
  17  1:27  Drone  
  18  1:34  Drone  
  19  1:43  Overlord  
  19  2:05  Zergling x6  
  22  2:17  Queen  
  22  2:20  Queen  
  22  2:22  Metabolic Boost  
  26  2:25  Drone x2  
  28  2:36  Drone, Overlord  
  29  2:52  Drone x2  
  29  2:53  Overlord  
  29  2:57  Baneling Nest  
  30  3:02  Queen  
  32  3:07  Drone  
  33  3:15  Zergling x6  
  33  3:16  Zergling x2  
  37  3:26  Drone  
  38  3:31  Zergling x4  
  38  3:32  Zergling x6  
  43  3:55  Zergling x12  
  47  4:11  Drone  
  47  4:12  Drone x2  
  47  4:13  Zergling x2  
  41  4:41  Drone x2  
  41  4:42  Drone x2  
  41  4:43  Hatchery  
  44  4:46  Zergling x2  
  44  4:47  Zergling x4  
  44  4:51  Lair  
  47  4:54  Drone  
  47  4:55  Drone x5, Extractor  
  51  5:12  Extractor  
  50  5:14  Spore Crawler  
  50  5:16  Spore Crawler  
  50  5:17  Drone x3  
  50  5:18  Extractor  
  50  5:22  Spore Crawler x2  
  50  5:24  Drone x3, Spore Crawler  
  50  5:25  Overlord  
  50  5:26  Overlord  
  50  5:27  Overlord  
  50  5:42  Evolution Chamber  
  49  5:44  Drone x3  
  49  5:47  Drone x2  
  54  5:52  Overseer  
  54  5:54  Pneumatized Carapace  
  54  6:00  Drone x7  
  61  6:20  Spore Crawler  
  60  6:34  Spore Crawler  
  60  6:38  Drone x2, Evolution Chamber  
  60  6:39  Drone x3  
  63  6:42  Hydralisk Den  
  62  7:30  Grooved Spines  
  62  7:31  Hydralisk  
  62  7:34  Overlord x3  
  64  7:42  Queen  
  64  7:50  Drone, Spore Crawler  
  65  7:51  Drone, Spore Crawler  
  64  7:58  Zerg Missile Weapons Level 1  
  64  7:59  Zerg Ground Armor Level 1  
  64  8:07  Hydralisk x6  
  64  8:08  Hydralisk x6  
  88  8:27  Drone  
  88  8:30  Overlord x3  
  89  8:39  Overlord  
  89  8:40  Overlord  
  89  8:41  Overlord  
  89  8:42  Overlord, Muscular Augments  
  89  8:43  Overlord  
  89  8:44  Overlord  
  89  8:45  Overlord  
  89  8:46  Hatchery  
  89  8:47  Queen  
  90  8:53  Centrifical Hooks  
  90  9:03  Extractor, Drone x3  
  90  9:04  Drone x6  
  90  9:05  Drone, Extractor  
  98  9:15  Hydralisk x6  
  98  9:16  Hydralisk  
  112  9:24  Drone x2  
  112  9:25  Drone  
  115  9:38  Overlord  
  115  9:39  Overlord  
  115  9:40  Overlord  
  115  9:41  Overlord  
  115  9:44  Hydralisk  
  115  9:45  Hydralisk x5  
  125  10:02  Drone x3  
  125  10:03  Drone x7  
  125  10:04  Drone  
  136  10:12  Hatchery  
  135  10:23  Spore Crawler  
  135  10:27  Zerg Missile Weapons Level 2  
  135  10:28  Zerg Ground Armor Level 2  
  134  10:29  Spore Crawler  
  133  10:53  Hydralisk x5  
  133  10:54  Hydralisk x8  
  159  11:03  Drone x3  
  162  11:18  Extractor  
  161  11:20  Extractor  
  161  11:22  Overlord x2  
  154  11:41  Zergling x10  
  154  11:42  Zergling x32  
  175  11:56  Lurker Den  
  175  11:57  Drone x2  
  175  11:58  Drone  
  175  11:59  Infestation Pit  
  176  12:11  Overseer  
  176  12:13  Baneling x3  
  176  12:14  Baneling x6  
  176  12:15  Baneling x6, Hydralisk  
  176  12:16  Hydralisk x10  
  197  12:37  Hive  
  197  12:38  Pathogen Glands  
  197  12:42  Overlord  
  197  12:43  Zerg Melee Weapons Level 1, Overlord  
  197  12:44  Overlord  
  197  13:06  Lurker x2  
  199  13:34  Hatchery  
  198  13:53  Zergling x10  
  200  14:10  Lurker  
  200  14:28  Overlord x2  
  199  14:42  Overlord  
  199  14:43  Overlord x2  
  199  14:47  Overseer  
  194  15:02  Hydralisk  
  194  15:03  Hydralisk x5  
  167  15:15  Zergling x2  
  167  15:16  Zergling x34  
  167  15:17  Zergling x16  
  137  15:35  Hydralisk x4  
  121  15:36  Hydralisk  
  131  15:46  Hydralisk x5  
  131  15:49  Baneling x5  
  141  15:50  Baneling x6  
  141  15:51  Baneling x4  
  131  16:04  Zergling x2  
  131  16:05  Zergling x18  
  135  16:13  Hydralisk x4  
  135  16:14  Hydralisk x3  
  147  16:19  Queen  
  147  16:20  Hydralisk x2  
  153  16:36  Hydralisk x7  
  153  16:37  Hydralisk  
  166  17:06  Hydralisk  
  166  17:07  Hydralisk x16  
  175  17:26  Hydralisk x5  
  175  17:27  Hydralisk x2  
  183  17:33  Zerg Missile Weapons Level 3, Zerg Ground Armor Level 3  
  183  17:35  Adrenal Glands  
  183  17:36  Adaptive Talons  
  183  17:42  Zergling x2  
  183  17:43  Zergling x14  
  186  18:01  Drone  
  186  18:02  Drone x2  
  186  18:03  Drone  
  186  18:04  Drone x2  
  192  18:33  Seismic Spines, Extractor  
  191  18:37  Extractor  
  190  18:44  Hatchery  
  190  18:45  Hydralisk  
  190  18:46  Hydralisk x4  
  190  18:47  Extractor  
  198  18:50  Overlord  
  198  18:51  Overlord  
  191  19:15  Zergling x2  
  191  19:16  Zergling x20  
  198  19:28  Hydralisk  
  198  19:29  Hydralisk x3  
  161  19:39  Zergling x26  
  161  19:40  Zergling x10  
  130  19:49  Spire  
  130  19:52  Hydralisk x7  
  115  19:53  Hydralisk x3  
  133  20:01  Baneling x3  
  133  20:02  Baneling x18  
  133  20:03  Baneling x14  
  133  20:48  Zerg Melee Weapons Level 2  
  133  21:08  Overseer  
  119  21:15  Zergling x28  
  119  21:16  Zergling x28  
  131  21:26  Hatchery  
  111  21:35  Hydralisk  
  111  21:36  Hydralisk x12  
  137  21:56  Zergling x20  
  137  21:57  Zergling x12  
  125  22:17  Hydralisk x4  
  125  22:18  Hydralisk x10  
  125  22:21  Lurker x3  
  125  22:22  Lurker x8  
  164  22:25  Zergling x2  
  164  22:26  Zergling x16  
  173  22:46  Zerg Flyer Weapons Level 1  
  173  23:04  Overlord x2  
  173  23:14  Overlord x2  
  173  23:17  Extractor, Hydralisk x11  
  173  23:18  Hydralisk x3  
  200  23:20  Extractor  
  188  23:43  Overlord x2  
  188  23:45  Overseer x3  
  183  23:49  Hydralisk x4  
  183  23:50  Hydralisk x4  
  175  24:27  Zergling x28  
  175  24:28  Zergling x28  
  194  24:33  Lurker x6  
  199  24:59  Baneling x6  
  199  25:00  Baneling x7  
  199  25:01  Baneling x4  
Show
View Real Time Build Order
Export as new Build Order

Massa Terran 

Build Orders:  

Get SALT Encoding   

  12  0:00  SCV  
  13  0:12  SCV  
  14  0:23  Supply Depot  
  14  0:24  SCV  
  15  0:31  Refinery  
  15  0:45  SCV  
  15  0:47  Barracks  
  17  0:57  SCV  
  17  1:09  SCV  
  18  1:21  SCV  
  19  1:33  SCV  
  19  1:34  Reaper  
  21  1:41  Command Center  
  21  1:46  SCV  
  22  2:03  Orbital Command, Factory  
  22  2:06  Marine  
  22  2:39  Marine  
  23  2:48  Supply Depot  
  23  2:53  SCV  
  23  2:55  Supply Depot  
  23  2:56  Marine  
  23  2:57  Engineering Bay  
  25  3:02  Refinery  
  25  3:04  Starport  
  25  3:05  SCV  
  26  3:08  Factory Tech Lab  
  26  3:13  SCV  
  26  3:14  Marine  
  26  3:17  SCV  
  26  3:19  Supply Depot  
  29  3:25  SCV  
  30  3:32  Siege Tank  
  33  3:45  Supply Depot  
  33  3:50  Barracks Tech Lab  
  27  4:04  SCV  
  27  4:05  SCV  
  24  4:11  Widow Mine  
  24  4:16  SCV  
  17  4:18  SCV  
  8  4:30  SCV  
  8  4:36  Widow Mine  
  9  4:42  SCV  
  8  4:47  Orbital Command  
  8  4:54  SCV  
  9  5:11  SCV  
  10  5:20  SCV  
  11  5:23  SCV  
  11  5:28  Widow Mine  
  14  5:35  SCV  
  15  5:46  Marine  
  16  6:01  SCV x2  
  16  6:03  Marine  
  19  6:07  Factory Tech Lab  
  19  6:13  SCV x2  
  19  6:18  Barracks  
  21  6:21  Marine  
  21  6:25  SCV x2  
  24  6:35  Supply Depot  
  24  6:37  SCV  
  25  6:40  Barracks Tech Lab  
  25  6:45  Refinery  
  25  6:49  SCV  
  26  6:55  SCV  
  27  7:01  SCV  
  27  7:07  SCV  
  29  7:11  Missile Turret  
  29  7:13  SCV  
  30  7:19  SCV  
  30  7:20  Widow Mine, Command Center  
  30  7:22  Barracks Reactor  
  33  7:24  Marine  
  33  7:25  SCV  
  35  7:32  Missile Turret  
  35  7:41  Siege Tank  
  35  7:42  Marauder  
  40  7:53  SCV x2  
  42  8:03  Marauder, Missile Turret  
  42  8:05  SCV x2  
  46  8:07  Missile Turret  
  46  8:11  Marine x2  
  48  8:15  Missile Turret  
  48  8:17  SCV x2  
  50  8:20  Stimpack  
  50  8:29  SCV x2  
  52  8:35  Missile Turret  
  52  8:38  Missile Turret  
  52  8:39  Missile Turret  
  52  8:41  SCV x2  
  52  8:44  Missile Turret  
  52  8:46  Marauder, Marine  
  52  8:48  Marine  
  58  9:00  Missile Turret, Siege Tank  
  61  9:04  Marine  
  61  9:06  Marine  
  61  9:07  Orbital Command  
  61  9:08  SCV x2, Marauder  
  67  9:20  SCV x2  
  67  9:21  Factory  
  69  9:28  Supply Depot  
  69  9:32  Supply Depot  
  69  9:33  Supply Depot  
  69  9:36  Supply Depot  
  69  9:38  Sensor Tower  
  69  9:41  Supply Depot  
  69  9:49  Marine x2  
  69  9:50  SCV, Medivac  
  74  10:00  Combat Shield  
  74  10:07  Refinery, SCV x3  
  77  10:15  Refinery  
  77  10:16  Terran Infantry Weapons Level 1  
  77  10:19  SCV x3  
  77  10:20  Medivac  
  82  10:24  Engineering Bay  
  84  10:28  Marauder, Marine  
  84  10:29  Marine  
  84  10:31  SCV x2  
  88  10:41  Factory Reactor  
  88  10:46  Marine x2  
  92  10:50  Marauder  
  92  10:51  Siege Tank  
  95  10:57  Terran Infantry Armor Level 1  
  95  11:01  Medivac  
  97  11:04  Marine x2  
  97  11:11  Marauder  
  101  11:22  Barracks, Marine x2  
  101  11:24  Siege Tank  
  104  11:32  Marauder  
  102  11:40  Marine x2  
  104  11:54  Marauder  
  106  11:57  Marine  
  106  11:58  Marine  
  108  12:15  Barracks Reactor, Marine  
  109  12:38  Supply Depot x2  
  109  12:40  Supply Depot  
  109  12:44  Command Center  
  109  13:00  Widow Mine x2, Marauder, Marine x2, Siege Tank  
  109  13:04  Supply Depot  
  120  13:06  Supply Depot x2  
  118  13:14  Marine  
  118  13:15  Marine  
  118  13:17  Marine x2  
  122  13:22  Widow Mine x2, Marauder  
  128  13:27  Barracks x2  
  128  13:28  Barracks  
  128  13:29  Barracks, Supply Depot  
  128  13:30  Supply Depot x2  
  128  13:32  Marine, Siege Tank  
  128  13:33  Marine  
  133  13:35  Marine x2  
  133  13:41  Armory x2  
  135  13:43  Widow Mine x2, Marauder  
  135  13:47  Viking  
  143  13:50  Marine x2  
  143  13:53  Marine x2, Supply Depot  
  147  14:04  Hellion x2, Marauder  
  147  14:08  Marine x2  
  155  14:17  Viking  
  155  14:26  Hellion x2, Marauder  
  139  15:07  Marauder, Marine  
  139  15:08  Marine x7  
  120  15:25  Marine  
  120  15:26  Marine x7  
  107  15:28  Marauder  
  101  15:43  Marine x6  
  101  15:44  Marine x2  
  111  15:50  Marauder  
  105  16:01  Marine x6  
  91  16:11  Marauder  
  91  16:17  Barracks Reactor  
  90  16:19  Barracks Reactor, Marine x2  
  91  16:30  SCV x3  
  91  16:32  Marauder  
  96  16:37  Terran Infantry Armor Level 2, Terran Infantry Weapons Level 2  
  96  16:40  Terran Vehicle And Ship Armor Level 1, Terran Vehicle Weapons Level 1  
  96  16:42  SCV x3  
  98  16:54  SCV x3  
  88  17:05  Marauder  
  88  17:06  SCV x3, Marine x10  
  75  17:11  Siege Tank  
  75  17:13  Widow Mine x2  
  82  17:18  SCV x3  
  83  17:23  Marine  
  83  17:24  Marine x9  
  83  17:27  Marauder  
  93  17:34  Widow Mine x2  
  97  17:41  Marine  
  97  17:42  Marine x9  
  97  17:43  Siege Tank  
  99  17:48  Marauder  
  99  17:49  Orbital Command  
  101  17:55  Widow Mine  
  101  17:56  Widow Mine  
  105  17:59  Marine  
  105  18:00  Marine x9  
  115  18:08  Command Center  
  115  18:09  Marauder  
  115  18:10  Medivac  
  119  18:15  Siege Tank  
  119  18:17  Widow Mine x2, Marine x5  
  119  18:18  Marine x5  
  136  18:31  Marauder  
  136  18:35  Marine x10  
  136  18:40  Medivac  
  148  18:44  Terran Vehicle And Ship Armor Level 2, Terran Vehicle Weapons Level 2  
  148  18:47  Siege Tank  
  151  18:52  Marauder  
  135  19:10  Medivac  
  135  19:12  Marine x6  
  135  19:14  Marauder  
  147  19:19  Siege Tank  
  147  19:21  Widow Mine x2  
  148  19:30  Marine x4  
  145  19:35  Marauder  
  112  19:40  Medivac  
  112  19:42  Widow Mine x2  
  111  19:47  Marine  
  111  19:48  Marine x3  
  111  19:51  Siege Tank  
  118  19:56  Marauder  
  120  20:03  Widow Mine x2  
  120  20:05  Marine  
  120  20:06  Marine x3  
  128  20:10  Medivac  
  130  20:18  Marauder  
  130  20:21  Barracks  
  132  20:22  Barracks  
  132  20:23  Marine, Siege Tank  
  132  20:24  SCV, Barracks x2, Marine x3  
  132  20:25  SCV x3  
  132  20:27  Planetary Fortress  
  143  20:37  SCV x4  
  143  20:39  Marauder  
  143  20:40  Medivac  
  143  20:41  Marine x4  
  155  20:49  SCV  
  156  20:55  Siege Tank  
  159  20:59  Marine x4  
  159  21:00  Marauder  
  165  21:17  Marine x4  
  169  21:22  Marauder  
  164  21:27  Siege Tank  
  153  21:34  Marine  
  153  21:35  Marine x3  
  157  21:43  Marauder  
  149  21:56  Marine  
  149  21:57  Marine x8  
  158  22:05  Marauder  
  158  22:14  Marine  
  158  22:15  Marine x8  
  156  22:26  Marauder  
  158  22:32  Marine  
  158  22:33  Marine x8  
  167  22:47  Marauder  
  167  22:50  Marine x6  
  167  22:51  Marine x3  
  174  23:08  Marine x9  
  174  23:09  Marauder  
  184  23:22  Command Center  
  184  23:26  Marine x5  
  189  23:39  Marauder  
  186  24:01  Marauder  
  188  24:22  Marauder  
  148  24:43  Marauder  
Show
View Real Time Build Order
Export as new Build Order

qqq Protoss 

Build Orders: Carriers 

Get SALT Encoding   

  12  0:00  Probe  
  13  0:13  Probe  
  14  0:22  Pylon  
  14  0:25  Probe  
  15  0:35  Pylon  
  15  0:40  Probe  
  16  0:52  Probe  
  16  0:56  Gateway  
  17  1:04  Probe  
  17  1:06  Pylon  
  18  1:16  Probe  
  19  1:26  Assimilator  
  19  1:28  Probe  
  20  1:40  Probe  
  20  1:44  Pylon  
  21  2:00  Nexus  
  21  2:12  Probe  
  21  2:15  Assimilator  
  22  2:28  Probe  
  23  2:36  Cybernetics Core  
  23  2:41  Probe  
  24  2:52  Forge  
  24  2:53  Probe  
  25  3:05  Probe  
  26  3:13  Stargate  
  26  3:17  Probe x2  
  28  3:29  Probe x2  
  30  3:40  Stargate  
  29  3:41  Probe x2  
  31  3:53  Probe x2  
  33  3:58  Photon Cannon  
  33  4:01  Pylon  
  33  4:05  Probe x2, Pylon  
  35  4:11  Void Ray (Chrono Boost)  
  39  4:23  Photon Cannon  
  39  4:24  Void Ray (Chrono Boost)  
  42  4:39  Probe  
  42  4:40  Probe  
  42  4:45  Void Ray (Chrono Boost)  
  44  4:52  Probe  
  49  5:04  Probe  
  50  5:08  Assimilator  
  50  5:12  Assimilator  
  50  5:16  Probe  
  51  5:24  Pylon  
  51  5:35  Pylon  
  51  5:36  Pylon  
  51  5:39  Pylon  
  51  5:40  Pylon  
  51  5:41  Pylon  
  53  5:42  Probe x2  
  53  5:47  Void Ray x2  
  53  5:55  Probe  
  62  6:01  Photon Cannon  
  62  6:02  Photon Cannon  
  62  6:05  Protoss Air Weapons Level 1 (Chrono Boost)  
  62  6:07  Probe  
  62  6:10  Nexus  
  63  6:12  Pylon  
  63  6:14  Pylon  
  63  6:18  Pylon  
  63  6:19  Probe  
  64  6:28  Void Ray x2  
  64  6:31  Probe  
  73  6:43  Probe  
  74  6:47  Photon Cannon  
  74  6:50  Photon Cannon  
  74  6:54  Photon Cannon  
  74  6:55  Probe  
  74  6:57  Photon Cannon  
  75  7:04  Robotics Facility  
  75  7:07  Fleet Beacon  
  75  7:32  Void Ray x2  
  59  8:15  Photon Cannon, Phoenix x2  
  59  8:23  Stargate  
  59  8:27  Observer  
  59  8:35  Nexus  
  59  8:36  Pylon  
  59  8:38  Pylon  
  59  8:40  Phoenix (Chrono Boost)  
  63  8:41  Pylon  
  63  8:47  Phoenix (Chrono Boost)  
  63  8:59  Phoenix (Chrono Boost)  
  63  9:00  Probe  
  66  9:05  Phoenix  
  66  9:06  Protoss Air Armor Level 1  
  68  9:11  Phoenix  
  68  9:12  Probe  
  71  9:20  Phoenix  
  72  9:24  Probe (Chrono Boost), Assimilator  
  72  9:28  Assimilator  
  72  9:30  Phoenix  
  75  9:35  Probe (Chrono Boost)  
  76  9:40  Probe (Chrono Boost), Phoenix  
  76  9:45  Carrier  
  85  9:51  Probe (Chrono Boost)  
  86  9:59  Nexus  
  86  10:02  Probe (Chrono Boost)  
  87  10:07  Probe (Chrono Boost), Phoenix  
  87  10:08  Phoenix  
  92  10:16  Observer  
  92  10:17  Probe, Stargate  
  92  10:20  Pylon  
  94  10:23  Pylon  
  94  10:26  Pylon  
  94  10:29  Probe  
  94  10:30  Pylon  
  94  10:34  Pylon  
  95  10:41  Anion Pulse-Crystals  
  95  10:50  Carrier  
  95  10:54  Nexus  
  101  10:57  Pylon  
  101  11:00  Pylon  
  101  11:03  Pylon  
  101  11:04  Probe  
  102  11:07  Pylon  
  102  11:09  Photon Cannon  
  102  11:12  Probe, Photon Cannon  
  102  11:14  Photon Cannon  
  102  11:16  Probe  
  104  11:22  Void Ray  
  104  11:24  Probe  
  105  11:28  Probe  
  105  11:29  Phoenix  
  109  11:40  Probe  
  109  11:45  Flux Vanes  
  100  11:52  Probe  
  101  12:01  Carrier  
  101  12:02  Phoenix  
  101  12:05  Phoenix  
  105  12:17  Probe  
  105  12:20  Photon Cannon  
  105  12:22  Photon Cannon  
  106  12:23  Probe  
  106  12:24  Photon Cannon  
  106  12:26  Nexus  
  106  12:27  Pylon  
  106  12:29  Probe  
  108  12:31  Pylon  
  108  12:34  Pylon  
  108  12:35  Probe  
  109  12:41  Probe, Twilight Council  
  109  12:44  Observer  
  111  12:46  Gateway x2, Carrier  
  111  12:47  Probe  
  118  12:53  Probe  
  118  12:55  Photon Cannon  
  119  12:59  Probe  
  119  13:00  Photon Cannon  
  119  13:03  Photon Cannon  
  119  13:05  Probe, Observer  
  122  13:06  Void Ray  
  122  13:07  Photon Cannon, Void Ray  
  130  13:24  Probe x2  
  132  13:29  Shield Battery  
  132  13:30  Photon Cannon  
  132  13:36  Probe x2  
  132  13:37  Stalker  
  132  13:38  Stalker  
  132  13:41  Protoss Air Weapons Level 2 (Chrono Boost)  
  138  13:48  Probe  
  139  13:52  Templar Archives  
  139  14:00  Probe (Chrono Boost)  
  132  14:10  Probe (Chrono Boost)  
  132  14:14  Probe (Chrono Boost)  
  111  14:26  Probe  
  108  14:38  Probe  
  109  14:51  Carrier x3  
  81  15:37  Probe  
  81  15:39  Probe  
  83  15:55  Carrier x3  
  101  15:58  Stargate  
  101  16:01  High Templar  
  101  16:13  Probe  
  101  16:17  Probe  
  103  16:25  Probe  
  104  16:29  Probe  
  105  16:37  Probe  
  104  16:58  Carrier  
  104  16:59  Carrier x3  
  95  17:53  Psionic Storm  
  95  17:57  Assimilator  
  95  18:02  Carrier, Assimilator  
  95  18:03  Carrier  
  90  19:22  Mothership  
  90  19:35  Probe  
  91  19:47  Probe  
  92  19:59  Probe  
  83  20:11  Probe  
  72  20:23  Probe  
  61  20:35  Probe  
  38  21:10  Pylon  
  38  21:25  High Templar x2 (Chrono Boost)  
  39  21:32  Probe  
  40  21:44  Probe  
  39  21:56  Probe  
  39  22:08  Probe, High Templar (Chrono Boost)  
  41  22:09  Archon  
  42  22:21  Probe  
  43  22:31  Nexus  
  42  22:45  High Templar  
  44  23:19  Pylon  
  44  23:21  Pylon  
  44  23:24  Pylon  
  44  23:25  Nexus  
  44  23:45  Archon  
  43  24:05  Photon Cannon  
  43  24:07  Photon Cannon  
  43  24:09  Photon Cannon  
  43  24:11  Photon Cannon x2  
  43  24:14  Shield Battery  
  43  24:15  Shield Battery, Zealot x2  
  47  24:18  Photon Cannon  
  47  24:20  Photon Cannon  
  47  24:25  Photon Cannon  
  47  24:28  Photon Cannon  
  50  25:06  Probe  
Tags
 
Add a new tag
Caveats
  • Supply blocks, unpowered buildings, or Contaminate may cause inaccurate times.
  • Supply counts are checked every 10 seconds.